 Dungeon Crawl Stone Soup version 0.30.0-30-g96aa6591b8 (webtiles) character file.

Game seed: 5586364424136048494

453552 LustLizard the Stormcaller (level 22, -16/136 HPs)
             Began as a Deep Elf Air Elementalist on June 29, 2023.
             Was the Champion of Vehumet.
             Demolished by a titan (20 damage)
             ... on level 5 of the Vaults on June 30, 2023.
             The game lasted 03:01:43 (91012 turns).

LustLizard the Stormcaller (DEAE)                  Turns: 91012, Time: 03:01:44

Health: -16/136    AC: 46    Str: 14    XL:     22   Next: 94%
Magic:  7/55       EV: 12    Int: 38    God:    Vehumet [******]
Gold:   6082       SH:  9    Dex: 19    Spells: 9/57 levels left

rFire   + + .        h - +4 short sword of Calamity {protect, rC+ Will+ Dex+4}
rCold   + . .        u - +2 buckler
rNeg    + . .        F - +12 shadow dragon scales of Asceticism {Will+ rCorr Stlth++++}
rPois   +            D - +2 helmet {SInv}
rElec   .            E - +2 cloak {rPois}
rCorr   +            q - +2 pair of gloves {Str+3}
SInv    +            m - +2 pair of boots {rF+}
Will    ++++.        Y - macabre finger necklace {Finger+ rN+}
Stlth   ++++         Q - ring "Caohileon" {rF+ Int+6}
HPRegen 0.42/turn    k - ring "Yxuj Ekhlo" {Fly rC+ MP+9 Int+6 Slay+2}
MPRegen 0.34/turn    e - +4 ring of protection

%: random rage (3%)
@: brilliant, flying, very slightly contaminated
A: berserk 1, cold vulnerability 1, subdued magic 1
}: 3/15 runes: serpentine, barnacled, slimy
a: Renounce Religion


You were on level 5 of the Vaults.
You worshipped Vehumet.
Vehumet was exalted by your worship.
You visited 10 branches of the dungeon, and saw 48 of its levels.
You also visited: Sewer, Bailey and Ice Cave.

You collected 7790 gold pieces.
You spent 1708 gold pieces at shops.

Inventory:

Hand Weapons
 h - the +4 short sword of Calamity (weapon) {protect, rC+ Will+ Dex+4}
   (You found it on level 2 of the Dungeon)

   Dex:       It affects your dexterity (+4).
   rC:        It protects you from cold.
   Will:      It increases your willpower.
Missiles
 p - 3 throwing nets
Armour
 m - a +2 pair of boots of fire resistance (worn)
 q - a +2 pair of gloves of strength (worn)
 t - a +2 pair of boots of flying
 u - a +2 buckler (worn)
 D - a +2 helmet of see invisible (worn)
 E - a +2 cloak of poison resistance (worn)
 F - the +12 shadow dragon scales of Asceticism (worn) {Will+ rCorr Stlth++++}
   (You took it off an orc in a bailey)

   rCorr:     It protects you from acid and corrosion.
   Will:      It increases your willpower.
   Stlth:     It makes you much more stealthy.
 N - a +1 kite shield of protection
Magical Staves
 R - the staff of earth "Fajen" {+Blink rElec rPois rN+}
   (You found it on level 3 of the Elven Halls)

   [staff of earth]

   Base accuracy: +5 Base damage: 5 Base attack delay: 1.2 This weapon's minimum
   attack delay (0.6) is reached at skill level 12.
   rElec:     It insulates you from electricity.
   rPois:     It protects you from poison.
   rN:        It protects you from negative energy.
   +Blink:    It lets you blink.
   It falls into the 'Staves' category.
   It is a one-handed weapon.
Jewellery
 e - a +4 ring of protection (on amulet)
 k - the ring "Yxuj Ekhlo" (right hand) {Fly rC+ MP+9 Int+6 Slay+2}
   (You bought it in a shop on level 2 of the Orcish Mines)

   [ring of intelligence]

   Int:       It affects your intelligence (+6).
   Slay:      It affects your accuracy & damage with ranged weapons and melee
   (+2).
   rC:        It protects you from cold.
   MP:        It affects your magic capacity (+9).
   Fly:       It grants you flight.
 O - the ring of Unumme {Ice Will+ Int+4}
   (You took it off a deep elf blademaster on level 3 of the Elven Halls)

   [ring of ice]

   It enhances your ice magic.
   Int:       It affects your intelligence (+4).
   rF:        It makes you vulnerable to fire.
   rC:        It protects you from cold.
   Will:      It increases your willpower.
 Q - the ring "Caohileon" (left hand) {rF+ Int+6}
   (You found it on level 2 of the Lair of Beasts)

   [ring of intelligence]

   Int:       It affects your intelligence (+6).
   rF:        It protects you from fire.
 S - the ring "Koss" {Ice rN+ rCorr Int+2}
   (You found it on level 3 of the Lair of Beasts)

   [ring of ice]

   It enhances your ice magic.
   Int:       It affects your intelligence (+2).
   rF:        It makes you vulnerable to fire.
   rC:        It protects you from cold.
   rN:        It protects you from negative energy.
   rCorr:     It protects you from acid and corrosion.
 V - a ring of protection from cold
 X - the amulet of Azaxyum {rElec Regen+ Str+3}
   (You took it off an ironbound convoker on level 1 of the Vaults)

   [amulet of regeneration]

   Str:       It affects your strength (+3).
   rElec:     It insulates you from electricity.
   Regen:     It increases your rate of health regeneration.
 Y - the macabre finger necklace (around neck) {Finger+ rN+}
   (You took it off a deep elf demonologist on level 3 of the Elven Halls)

   [amulet of nothing]

   Finger+:   It enables you to equip an extra ring.
   rN:        It protects you from negative energy.
Wands
 a - a wand of flame (101)
 f - a wand of roots (19)
 w - a wand of charming (31)
 x - a wand of quicksilver (15)
 G - a wand of mindburst (15)
Scrolls
 c - 2 scrolls of poison
 d - 3 scrolls of teleportation
 l - 9 scrolls of fog
 o - 10 scrolls of magic mapping
 r - 3 scrolls of immolation
 A - 2 scrolls of butterflies
 B - 2 scrolls of blinking
 H - 8 scrolls of enchant armour
 I - 4 scrolls of fear
 K - 4 scrolls of amnesia
 M - 7 scrolls of brand weapon
Potions
 b - 4 potions of magic
 i - 7 potions of brilliance
 j - 13 potions of flight
 n - 7 potions of mutation
 s - a potion of invisibility
 v - 7 potions of might
 y - 2 potions of curing
 C - 8 potions of lignification
 L - 2 potions of berserk rage
 P - 2 potions of cancellation
 T - 4 potions of haste
 U - 6 potions of resistance
 W - 2 potions of ambrosia
Miscellaneous
 g - a lightning rod (4/4)
 z - a condenser vane
 J - a phial of floods


   Skills:
 + Level 13.8 Fighting
 - Level 5.9 Short Blades
 - Level 7.9 Staves
 + Level 11.5 Armour
 - Level 13.6 Dodging
 + Level 4.4 Stealth
 + Level 11.0 Shields
 + Level 18.1 Spellcasting
 * Level 18.9 Conjurations
 - Level 5.0 Hexes
 + Level 5.0 Translocations
 - Level 5.0 Transmutations
 - Level 7.0 Fire Magic
 * Level 20.6 Air Magic
 - Level 7.4 Poison Magic
 - Level 4.6 Evocations


You had 9 spell levels left.
You knew the following spells:

 Your Spells              Type           Power      Damage    Failure   Level
a - Shock                 Conj/Air       100%       1d9       0%          1
b - Blink                 Tloc           100%       N/A       1%          2
c - Swiftness             Air            100%       N/A       0%          3
d - Airstrike             Air            60%        2d(9-25)  0%          4
e - Poisonous Vapours     Pois/Air       100%       N/A       1%          2
f - Mephitic Cloud        Conj/Pois/Air  100%       N/A       1%          3
h - Ignite Poison         Fire/Tmut/Pois 77%        N/A       1%          3
i - Inner Flame           Hex/Fire       75%        N/A       1%          3
j - Irradiate             Conj/Tmut      49%        3d28      1%          5
k - Arcjolt               Conj/Air       59%        1d69      1%          5
l - Maxwell's Capacitive  Air            60%        ∞         4%          8
m - Chain Lightning       Conj/Air       59%        3d79      63%         9

Your spell library contained the following spells:

 Spells                   Type           Power      Damage    Failure   Level
 Shatter                  Erth           19%        3d18*     100%        9
 Static Discharge         Conj/Air       100%       2-7/arc   0%          2
 Apportation              Tloc           100%       N/A       1%          1
 Beastly Appendage        Tmut           100%       N/A       1%          1
 Kiss of Death            Conj/Necr      100%       2d13      1%          1
 Cigotuvi's Dreadful Rot  Necr/Pois/Air  100%       N/A       1%          2
 Lesser Beckoning         Tloc           100%       N/A       1%          2
 Momentum Strike          Conj/Tloc      100%       3d10      1%          2
 Scorch                   Fire           100%       2d9       1%          2
 Wereblood                Tmut           70%        N/A       1%          2
 Dazzling Flash           Conj/Hex       100%       N/A       1%          3
 Hailstorm                Conj/Ice       89%        3d18      1%          3
 Stone Arrow              Conj/Erth      100%       3d13      1%          3
 Volatile Blastmotes      Fire/Tloc      100%       2d18      1%          3
 Fulminant Prism          Conj/Hex       49%        3d20      1%          4
 Iskenderun's Mystic Bla  Conj/Tloc      98%        2d19      1%          4
 Sticky Flame             Conj/Fire      100%       2d11      1%          4
 Summon Lightning Spire   Summ/Air       92%        N/A       1%          4
 Freezing Cloud           Conj/Ice/Air   50%        6-21      1%          5
 Orb of Destruction       Conj           58%        9d14      1%          7
 Spider Form              Tmut/Pois      76%        N/A       2%          3
 Freeze                   Ice            100%       1d10      3%          1
 Confusing Touch          Hex            70%        N/A       4%          3
 Gell's Gravitas          Tloc           71%        N/A       4%          3
 Portal Projectile        Hex/Tloc       100%       N/A       4%          3
 Teleport Other           Tloc           71%        N/A       4%          3
 Tukima's Dance           Hex            70%        N/A       4%          3
 Frozen Ramparts          Ice            78%        1d12      10%         3
 Yara's Violent Unravell  Hex/Tmut       35%        3d14      11%         5
 Necrotise                Necr           100%       1d9       12%         1
 Summon Small Mammal      Summ           100%       N/A       12%         1
 Summon Guardian Golem    Hex/Summ       58%        N/A       12%         3
 Passage of Golubria      Tloc           71%        N/A       14%         4
 Sublimation of Blood     Necr           39%        N/A       17%         2
 Ozocubu's Armour         Ice            39%        N/A       34%         3
 Eringya's Noxious Bog    Tmut/Pois      38%        N/A       34%         6
 Leda's Liquefaction      Hex/Erth       29%        N/A       38%         4
 Blade Hands              Tmut           35%        N/A       38%         5
 Spellforged Servitor     Conj/Summ      44%        N/A       45%         7
 Lee's Rapid Deconstruct  Erth           19%        3d11*     63%         5
 Animate Armour           Summ/Erth      78%        N/A       77%         4
 Animate Dead             Necr           39%        N/A       77%         4
 Dispel Undead            Necr           39%        3d16      77%         4
 Metabolic Englaciation   Hex/Ice        29%        N/A       77%         5
 Summon Forest            Summ/Tloc      29%        N/A       77%         5
 Dispersal                Tloc           35%        N/A       94%         6
 Borgnjor's Vile Clutch   Necr/Erth      19%        N/A       98%         5
 Lehudib's Crystal Spear  Conj/Erth      44%        10d11     98%         8
 Death Channel            Necr           19%        N/A       100%        6
 Simulacrum               Ice/Necr       19%        N/A       100%        6
 Statue Form              Tmut/Erth      38%        N/A       100%        6
 Dragon Form              Tmut           35%        N/A       100%        7
 Enfeeble                 Hex            35%        N/A       100%        7
 Malign Gateway           Summ/Tloc      29%        N/A       100%        7
 Ozocubu's Refrigeration  Ice            19%        4d11      100%        7
 Summon Hydra             Summ           19%        N/A       100%        7
 Ignition                 Fire           39%        3d12      100%        8
 Summon Horrible Things   Summ           19%        N/A       100%        8
 Fire Storm               Conj/Fire      50%        8d13      100%        9
 Polar Vortex             Ice            19%        N/A       100%        9


Dungeon Overview and Level Annotations

Branches:
Dungeon (15/15)            Temple (1/1) D:5            Lair (5/5) D:11
 Shoals (4/4) Lair:2        Snake (4/4) Lair:3        Slime (5/5) Lair:4
    Orc (2/2) D:12            Elf (3/3) Orc:2        Vaults (5/5) D:14
  Crypt (0/3) Vaults:3     Depths (4/4) D:15            Zot (0/5) Depths:4
  Sewer (visited)          Bailey (visited)           IceCv (visited)

Altars:
Cheibriados
Fedhas
Hepliaklqana
Kikubaaqudgha
Nemelex Xobeh
Okawaru
Ru
Trog
Uskayaw
Vehumet
Wu Jian
Yredelemnul
Jiyva

Shops:
D:3 [   D:8 **   D:12 :   Orc:1 *   Orc:2 =((*   Elf:1 :[   Snake:4 [
Vaults:1 (   Vaults:2 [   Depths:1 [((   Depths:2 [   Depths:4 *

Portals:
Hell: Depths:1 Depths:2 Depths:3 Depths:4
Abyss: Depths:2 Depths:3 Depths:4
Pandemonium: Depths:2 Depths:3 Depths:4
Ziggurat: Depths:4

Annotations:
Elf:1 3 runed translucent doors
Elf:2 1 runed translucent door, suzumiya's ghost, adept MiFi
Elf:3 3 runed translucent doors, GimliDwarf's ghost, adept GnWn
Depths:2 exclusion: 2 statues


Innate Abilities, Weirdness & Mutations

You sometimes lose your temper in combat.
You are vulnerable to cold. (rC-)
Your spells are a little easier to cast, but a little less powerful.


Message History

The titan casts a spell.
The titan is healed somewhat.
Casting: Airstrike (safe; 0% risk of failure)
Confirm with . or Enter, or press ? or * to list all spells.
Aiming: Airstrike (safe; 0% risk of failure)
Press: ? - help, Dir - move target, f/p - titan
Aim: a titan (heavily wounded, empty space bonus: 4/8)
You feel a surge of power!
The air twists around and strikes the titan!
The titan is severely wounded.
The titan mumbles some strange words.
The titan is healed somewhat.
Casting: Airstrike (safe; 0% risk of failure)
Confirm with . or Enter, or press ? or * to list all spells.
Aiming: Airstrike (safe; 0% risk of failure)
Press: ? - help, Dir - move target, f/p - titan
Aim: a titan (heavily wounded, empty space bonus: 4/8)
You feel a surge of power!
The air twists around and strikes the titan!!
The titan is severely wounded.
The titan hits you but does no damage.
Casting: Airstrike (safe; 0% risk of failure)
Confirm with . or Enter, or press ? or * to list all spells.
Aiming: Airstrike (safe; 0% risk of failure)
Press: ? - help, Dir - move target, f/p - titan
Aim: a titan (severely wounded, empty space bonus: 4/8)
You feel a surge of power!
The air twists around and strikes the titan!
The titan is almost dead.
You block the titan's attack.
Casting: Airstrike (safe; 0% risk of failure)
Confirm with . or Enter, or press ? or * to list all spells.
Aiming: Airstrike (safe; 0% risk of failure)
Press: ? - help, Dir - move target, f/p - titan
Aim: a titan (almost dead, empty space bonus: 4/8)
You feel a surge of power!
The air twists around and strikes the titan!
The titan is almost dead.
The titan hits you!!
You die...

#########
.......@#
......)C#
##......#
#......#
#....).#
...###..#
... #).#
.. #..#
#.)#


You could see a titan.

Vanquished Creatures
  the Royal Jelly (Slime:5)
  A dread lich (Vaults:5)
  2 juggernauts (Depths:3)
  Bai Suzhen (Snake:4)
  Saint Roka (Vaults:1)
  Vashnia (Snake:4)
  A golden dragon (Depths:4)
  A tentacled monstrosity (Depths:3)
  A lich (Depths:3)
  Jorgrun (Shoals:1)
  A walking earthen tome (Depths:3)
  Rupert (Lair:5)
  3 deep elf blademasters
  14 acid blobs
  2 deep elf master archers (Elf:3)
  2 quicksilver dragons (Vaults:5)
  2 krakens (Shoals:3)
  4 sphinxes
  The ghost of Gepsov the Warrior, a journeyman OgCA of Ignis (D:14)
  Kirke (D:13)
  A tengu reaver (Depths:3)
  A storm dragon (Depths:3)
  3 shadow dragons
  A draconian monk (Depths:4)
  Roxanne (Snake:1)
  9 rockslimes
  8 azure jellies
  A fire giant (Vaults:5)
  9 deep elf sorcerers
  7 frost giants
  6 nagarajas
  10 vault wardens
  An iron dragon (Depths:4)
  Louise (Elf:3)
  A spectral juggernaut (Depths:3)
  A caustic shrike zombie (D:15)
  An orc warlord (Vaults:2)
  Aizul (Snake:1)
  A spriggan defender (Depths:3)
  3 deep elf elementalists (Elf:3)
  A draconian shifter (Depths:4)
  23 very ugly things
  2 war gargoyles (Vaults:2)
  A reaper (Depths:1)
  7 quicksilver oozes
  11 ironbound preservers
  2 vampire knights
  5 ironbound thunderhulks
  A green draconian (Depths:4)
  4 deep elf demonologists
  4 stone giants
  2 black draconians (Depths:4)
  2 minotaurs (Shoals:4)
  3 deep elf annihilators
  10 dire elephants
  13 fire dragons
  7 ettins
  5 merfolk impalers
  5 merfolk javelineers
  7 deep elf death magi
  4 jiangshi
  4 deep elf high priests
  6 great orbs of eyes
  2 rakshasas
  An entropy weaver (Vaults:1)
  11 yaktaur captains
  8 salamander tyrants
  12 ice dragons
  An ogre mage (D:15)
  A catoblepas (shapeshifter) (Elf:1)
  2 hydras (Lair:5)
  2 hell beasts (Depths:1)
  2 peacekeepers
  41 vault guards
  10 anacondas
  2 caustic shrike simulacra (IceCv)
  10 ironbound frosthearts
  5 spriggan air magi
  15 centaur warriors
  A boulder beetle (D:14)
  2 merfolk avatars
  2 catoblepae
  24 dancing weapons
  9 satyrs
  2 merfolk aquamancers
  4 two-headed ogres
  5 deep troll shamans
  13 naga warriors
  A hell hog (Depths:4)
  9 tengu warriors
  7 death yaks
  3 spriggan berserkers
  A titan zombie (Depths:1)
  4 deep troll earth magi
  A sun demon (Depths:4)
  Urug (D:11)
  3 shock serpents
  13 naga sharpshooters
  9 hell knights
  A soul eater (Depths:3)
  5 spriggans
  3 vampire magi
  13 deep elf knights
  6 salamander mystics
  5 skysharks
  9 iron trolls
  6 skeletal warriors
  46 deep trolls
  8 sea snakes
  A glowing orange brain (Depths:1)
  Lodul (D:12)
  An orb spider (shapeshifter) (Depths:3)
  A shadow demon (Depths:3)
  8 naga ritualists
  13 lindwurms
  7 orc knights
  6 mana vipers
  8 deep elf archers
  2 orange crystal statues (IceCv)
  3 phantasmal warriors
  3 wizards
  Pikel (D:7)
  7 necromancers
  14 ironbound convokers
  A golden dragon skeleton (D:15)
  23 harpies
  13 deep elf pyromancers
  33 deep elf zephyrmancers
  20 salamanders
  3 shining eyes
  18 fauns
  25 ugly things
  5 cyclopes
  2 elephants (Lair:5)
  15 manticores
  5 water nymphs
  7 merfolk sirens
  An eye of devastation (Slime:5)
  5 guardian serpents
  29 slime creatures
  35 black mambas
  14 vault sentinels
  13 naga magi
  A rust devil (Depths:3)
  2 smoke demons
  An orange demon (Depths:2)
  13 cane toads
  An efreet (D:15)
  3 rime drakes
  9 komodo dragons
  A kobold demonologist (D:12)
  An unseen horror (D:11)
  16 yaktaurs
  3 tengu conjurers
  7 freezing wraiths
  An ice devil (Depths:3)
  A spark wasp simulacrum (Depths:1)
  2 polar bears (Lair:5)
  2 anaconda simulacra (IceCv)
  A spriggan skeleton (D:15)
  16 merfolk
  A hellwing (Depths:3)
  7 trolls
  4 wind drakes
  6 hornets
  15 blink frogs
  2 dream sheep (Lair:5)
  An ettin zombie (D:15)
  6 snapping turtles
  3 air elementals
  Sigmund (D:5)
  A jumping spider (Vaults:1)
  3 shadows (D:12)
  5 fire elementals
  14 water elementals
  8 wraiths
  4 fire bats (Depths:3)
  2 dire elephant simulacra (IceCv)
  17 yaks
  2 wyverns
  6 basilisks
  10 humans (D:14)
  2 neqoxecs
  4 hogs (D:13)
  5 redbacks
  A steam dragon (D:8)
  4 golden eyes
  A redback (shapeshifter) (Elf:3)
  A warg (Orc:1)
  A spriggan simulacrum (Depths:1)
  6 vampire mosquitoes
  3 acid dragons
  2 harpy simulacra (IceCv)
  Edmund (D:5)
  A two-headed ogre zombie (D:12)
  A hydra simulacrum (IceCv)
  29 nagas
  14 water moccasins
  A black bear (Lair:1)
  3 sky beasts (D:7)
  Duvessa (D:7)
  43 orc warriors
  3 ettin simulacra (IceCv)
  2 alligator simulacra (IceCv)
  4 ice beasts
  16 ogres
  7 boggarts
  18 wolves
  2 lemures (D:7)
  24 centaurs
  2 phantoms
  3 kobold brigands
  27 bullfrogs
  2 gnoll sergeants
  7 scorpions
  2 earth elementals (Elf:3)
  14 wights
  Dowan (D:7)
  2 troll zombies (D:12)
  2 lindwurm simulacra (IceCv)
  6 howler monkeys
  5 electric eels
  2 jellies (D:7)
  7 orc priests
  3 hounds
  2 gnoll boudas
  Ijyb (D:5)
  Terence (D:2)
  2 iguanas
  A sleepcap (D:6)
  17 orc wizards
  A sickly merfolk siren (Sewer)
  A malarious merfolk avatar (Sewer)
  5 ogre zombies (D:12)
  23 gnolls
  9 adders
  A river rat (D:4)
  4 shadow imps
  A worm (D:2)
  77 orcs
  7 ball pythons
  5 bats
  7 endoplasms
  4 giant cockroaches
  8 goblins
  6 hobgoblins
  2 jackals (D:4)
  7 quokkas
  9 frilled lizards
  3 goblin skeletons (D:12)
  3 goblin zombies (D:12)
  3 hobgoblin zombies (D:12)
  8 kobolds
  3 orc skeletons (D:12)
  13 orc zombies (D:12)
  27 rats
1667 creatures vanquished.

Vanquished Creatures (collateral kills)
  A death knight (D:14)
1 creature vanquished.

Vanquished Creatures (others)
  Mara (Depths:1)
  A lorocyproca (Depths:2)
  2 deep elf zephyrmancers
  A rust devil (Depths:2)
  2 humans (D:13)
  28 tentacles (Shoals:3)
35 creatures vanquished.

Grand Total: 1703 creatures vanquished

Notes
Turn   | Place    | Note
-------+----------+-------------------------------------------
     0 | D:1      | LustLizard the Deep Elf Air Elementalist began the quest
                  | for the Orb.
     0 | D:1      | Reached XP level 1. HP: 10/10 MP: 6/6
   390 | D:1      | Reached XP level 2. HP: 15/15 MP: 6/8
  1120 | D:1      | Learned a level 2 spell: Static Discharge
  1149 | D:2      | Identified the +4 short sword of Calamity {protect, rC+
                  | Will+ Dex+4}
  1159 | D:2      | Reached XP level 3. HP: 20/20 MP: 6/9
  1685 | D:2      | Noticed Terence
  1722 | D:2      | Reached skill level 1 in Fighting
  1722 | D:2      | Reached XP level 4. HP: 19/25 MP: 2/11
  1834 | D:2      | Killed Terence
  1835 | D:2      | Reached skill level 1 in Short Blades
  2358 | D:3      | Learned a level 3 spell: Swiftness
  2437 | D:3      | Reached skill level 4 in Air Magic
  2450 | D:3      | Reached XP level 5. HP: 29/29 MP: 1/12
  2595 | D:3      | Found Ziamua's Antique Armour Shoppe.
  3097 | D:4      | Learned a level 4 spell: Airstrike
  3109 | D:4      | Found an ancient bone altar of Kikubaaqudgha.
  3210 | D:4      | Found a glowing drain.
  3336 | Sewer    | Entered a sewer
  3537 | Sewer    | Learned a level 2 spell: Poisonous Vapours
  3545 | Sewer    | Reached XP level 6. HP: 34/34 MP: 7/14
  4380 | D:4      | Reached skill level 1 in Poison Magic
  4961 | D:5      | Entered Level 5 of the Dungeon
  4977 | D:5      | Noticed Sigmund
  5051 | D:5      | Killed Sigmund
  5052 | D:5      | Reached skill level 5 in Air Magic
  5052 | D:5      | Reached XP level 7. HP: 40/40 MP: 3/16
  5156 | D:5      | Reached skill level 5 in Spellcasting
  5193 | D:5      | Found a staircase to the Ecumenical Temple.
  5214 | Temple   | Entered the Ecumenical Temple
  5244 | Temple   | Became a worshipper of Vehumet
  5295 | D:5      | Noticed Ijyb
  5302 | D:5      | Killed Ijyb
  5606 | D:5      | Noticed Edmund
  5825 | D:5      | Reached XP level 8. HP: 45/45 MP: 14/18
  6002 | D:5      | Reached skill level 6 in Air Magic
  6117 | D:5      | Killed Edmund
  6532 | D:6      | Learned a level 3 spell: Mephitic Cloud
  7051 | D:6      | Reached * piety under Vehumet
  7051 | D:6      | Offered knowledge of Magic Dart by Vehumet.
  7064 | D:6      | Reached skill level 5 in Conjurations
  7070 | D:6      | Reached skill level 7 in Air Magic
  7335 | D:6      | Reached XP level 9. HP: 51/51 MP: 14/20
  8171 | D:7      | Noticed Pikel
  8195 | D:7      | Killed Pikel
  8218 | D:7      | Reached skill level 8 in Air Magic
  8261 | D:7      | Reached skill level 5 in Short Blades
  8316 | D:7      | Noticed Dowan
  8318 | D:7      | Noticed Duvessa
  8354 | D:7      | Found a flagged portal.
  8361 | Bailey   | Entered a bailey
  8676 | Bailey   | Noticed an orc knight
  8710 | Bailey   | Killed an orc knight
  8711 | Bailey   | Reached XP level 10. HP: 58/58 MP: 7/23
  8829 | Bailey   | Identified the +12 shadow dragon scales of Asceticism
                  | {Will+ rCorr Stlth++++}
  8853 | Bailey   | Reached ** piety under Vehumet
  9036 | Bailey   | Noticed an orc knight
  9052 | Bailey   | Killed an orc knight
  9374 | D:7      | Killed Duvessa
  9374 | D:7      | Offered knowledge of Momentum Strike by Vehumet.
  9495 | D:7      | Killed Dowan
  9855 | D:7      | Reached skill level 9 in Air Magic
  9922 | D:7      | Reached skill level 5 in Dodging
 10268 | D:8      | Found Inete's Fire Supplies.
 11089 | D:8      | Reached skill level 5 in Fighting
 11138 | D:8      | Found Sucwin's Lightly-Used Armoury.
 11317 | D:8      | Learned a level 3 spell: Tukima's Dance
 11402 | D:9      | Reached skill level 1 in Hexes
 11477 | D:9      | Offered knowledge of Scorch by Vehumet.
 11683 | D:9      | Noticed a red ugly thing
 11688 | D:9      | Killed a red ugly thing
 11954 | D:9      | Reached XP level 11. HP: 64/64 MP: 7/26
 12580 | D:10     | Entered Level 10 of the Dungeon
 12861 | D:10     | Reached *** piety under Vehumet
 13080 | D:10     | Noticed a skeletal warrior
 13425 | D:10     | Noticed a skeletal warrior
 13431 | D:10     | Killed a skeletal warrior
 13432 | D:10     | Reached skill level 10 in Air Magic
 13550 | D:10     | Killed a skeletal warrior
 13568 | D:10     | Noticed a skeletal warrior
 14055 | D:10     | Noticed a skeletal warrior
 14205 | D:10     | Killed a skeletal warrior
 14206 | D:10     | Reached skill level 5 in Hexes
 14291 | D:10     | Killed a skeletal warrior
 14488 | D:11     | Noticed a two-headed ogre
 14512 | D:11     | Killed a two-headed ogre
 14853 | D:11     | Found a staircase to the Lair.
 14876 | D:11     | Reached skill level 10 in Spellcasting
 15067 | D:11     | Noticed Urug
 15658 | D:11     | Reached skill level 11 in Air Magic
 15857 | D:12     | Noticed Lodul
 15948 | D:12     | Found Tuust's Book Shop.
 16175 | D:12     | Offered knowledge of Sticky Flame by Vehumet.
 16176 | D:12     | Reached XP level 12. HP: 70/70 MP: 14/28
 16297 | D:12     | Reached **** piety under Vehumet
 16485 | D:12     | Offered knowledge of Iskenderun's Mystic Blast by Vehumet.
 17815 | D:12     | Found a staircase to the Orcish Mines.
 17879 | D:12     | Killed Lodul
 18578 | D:11     | Killed Urug
 18695 | D:12     | Found a hazy altar of Hepliaklqana.
 18707 | D:12     | Noticed a two-headed ogre
 18711 | D:12     | Killed a two-headed ogre
 18965 | Lair:1   | Entered Level 1 of the Lair of Beasts
 19125 | Lair:1   | Learned a level 3 spell: Ignite Poison
 19305 | Lair:1   | Reached skill level 12 in Air Magic
 20286 | Lair:2   | Identified the +5 rapier "Ratumear" {venom, rF+}
 20542 | Lair:2   | Found a staircase to the Shoals.
 21091 | Lair:2   | Identified the ring "Caohileon" {rF+ Int+6}
 21187 | Lair:2   | Identified the +6 quarterstaff of Beyond {protect, rC+++
                  | rCorr Int+3 Stlth-}
 21513 | Lair:3   | Learned a level 3 spell: Inner Flame
 21527 | Lair:3   | Identified the ring "Koss" {Ice rN+ rCorr Int+2}
 21842 | Lair:3   | Found a staircase to the Snake Pit.
 21969 | Lair:3   | Reached XP level 13. HP: 76/76 MP: 13/30
 22866 | Lair:3   | Reached skill level 13 in Air Magic
 23361 | Lair:4   | Reached skill level 10 in Conjurations
 24279 | Lair:4   | Found a staircase to the Slime Pits.
 24280 | Lair:4   | Found a viscous altar of Jiyva.
 24451 | Lair:5   | Entered Level 5 of the Lair of Beasts
 24774 | Lair:5   | Reached ***** piety under Vehumet
 25150 | Lair:5   | Offered knowledge of Iskenderun's Battlesphere by Vehumet.
 25158 | Lair:5   | Reached skill level 10 in Dodging
 25160 | Lair:5   | Reached skill level 5 in Poison Magic
 25856 | Lair:5   | Noticed Rupert
 26280 | Lair:5   | Noticed a dire elephant
 26298 | Lair:5   | Killed a dire elephant
 26438 | Lair:5   | Killed Rupert
 26719 | Lair:5   | Reached XP level 14. HP: 84/84 MP: 8/32
 27579 | Lair:5   | Reached skill level 14 in Air Magic
 28351 | Orc:1    | Entered Level 1 of the Orcish Mines
 28712 | Orc:1    | Found Virantil's Overcharged Wands.
 29273 | D:13     | Noticed Kirke
 29293 | D:13     | Killed Kirke
 30665 | D:13     | Identified the +6 scale mail of Rotation {rN+ Dex+2 Slay+2}
 30957 | Orc:2    | Entered Level 2 of the Orcish Mines
 30957 | Orc:2    | Found a staircase to the Elven Halls.
 32277 | Orc:2    | Found Xipiod's Antique Weapon Shoppe.
 32277 | Orc:2    | Found Gatratiptys's Weapon Shop.
 32279 | Orc:2    | Found Miabeizi's Jewellery Boutique.
 32281 | Orc:2    | Found Ithiwnomas's General Store.
 32293 | Orc:2    | Bought a scroll of identify for 30 gold pieces
 32362 | Orc:2    | Bought the ring "Yxuj Ekhlo" {Fly rC+ MP+9 Int+6 Slay+2}
                  | for 1191 gold pieces
 32885 | D:8      | Bought a +2 pair of boots of fire resistance for 279 gold
                  | pieces
 33192 | D:14     | Offered knowledge of Conjure Ball Lightning by Vehumet.
 33725 | D:14     | Found a radiant altar of Vehumet.
 33729 | D:14     | Found a runed translucent gate.
 33729 | D:14     | Found a runed translucent gate.
 33729 | D:14     | Found a runed translucent gate.
 33733 | D:14     | Noticed Gepsov's ghost (journeyman OgCA)
 34494 | D:14     | Identified the +9 broad axe of Cobwebs {protect, rPois rF++
                  | rN++}
 34563 | D:14     | Identified the +4 broad axe of Uncomfortable Rashes {elec,
                  | rF+ rC+}
 34690 | D:14     | Found a gate to the Vaults.
 35219 | D:15     | Entered Level 15 of the Dungeon
 35223 | D:15     | Reached skill level 15 in Air Magic
 35293 | D:15     | Found a sparkling altar of Nemelex Xobeh.
 35588 | D:15     | Reached XP level 15. HP: 49/89 MP: 22/35
 35911 | D:15     | Reached skill level 1 in Fire Magic
 36920 | D:15     | Found a hide-covered altar of Uskayaw.
 37285 | D:15     | Found a staircase to the Depths.
 37482 | D:15     | Learned a level 5 spell: Irradiate
 37654 | Shoals:1 | Entered Level 1 of the Shoals
 37716 | Shoals:1 | Offered knowledge of Arcjolt by Vehumet.
 37723 | Shoals:1 | Learned a level 5 spell: Arcjolt
 37939 | Shoals:1 | Reached skill level 1 in Transmutations
 38093 | Shoals:1 | Noticed Jorgrun
 38370 | Shoals:1 | HP: 3/90 [faun/+0 quarterstaff (12)]
 38375 | Shoals:1 | HP: 3/90 [faun/+0 club (5)]
 38387 | Shoals:1 | HP: 2/90 [faun/+0 club (4)]
 38860 | Shoals:1 | Reached skill level 5 in Fire Magic
 39162 | Shoals:1 | Killed Jorgrun
 40193 | Shoals:2 | Reached skill level 16 in Air Magic
 40931 | Shoals:2 | Reached skill level 15 in Spellcasting
 41338 | Shoals:3 | Noticed a kraken
 41607 | Shoals:3 | Noticed a kraken
 41623 | Shoals:3 | Killed a kraken
 41856 | Shoals:3 | Reached XP level 16. HP: 96/96 MP: 27/37
 42144 | Shoals:3 | Killed a kraken
 43184 | Shoals:4 | Entered Level 4 of the Shoals
 44347 | Shoals:4 | Offered knowledge of Eringya's Noxious Bog by Vehumet.
 44852 | Shoals:4 | Reached skill level 10 in Fighting
 44852 | Shoals:4 | Reached skill level 5 in Transmutations
 45523 | Shoals:4 | Got a barnacled rune of Zot
 45708 | Snake:1  | Entered Level 1 of the Snake Pit
 45880 | Snake:1  | Reached skill level 17 in Air Magic
 46824 | Snake:1  | Noticed Roxanne
 46839 | Snake:1  | Killed Roxanne
 47092 | Snake:1  | Noticed Aizul
 47213 | Snake:1  | Killed Aizul
 47444 | Snake:1  | Reached skill level 1 in Staves
 47444 | Snake:1  | Reached skill level 1 in Evocations
 47444 | Snake:1  | Reached XP level 17. HP: 103/103 MP: 39/39
 47885 | Snake:2  | Reached skill level 1 in Armour
 48582 | Snake:2  | Identified a scroll of acquirement
 49028 | Snake:2  | Offered knowledge of Fireball by Vehumet.
 49771 | Snake:2  | Got Gour's Easy Gnosis
 50451 | Snake:3  | Reached skill level 1 in Shields
 50669 | Snake:3  | Found a frozen archway.
 50748 | Snake:3  | Identified the +10 halberd "Cass" {holy, rElec rF- SInv}
 50750 | Snake:3  | Identified the +4 dagger "Tuetuner" {vamp, Contam +Blink
                  | rElec Str+4}
 50761 | IceCv    | Entered an ice cave
 52307 | Snake:4  | Entered Level 4 of the Snake Pit
 52320 | Snake:4  | Found Xofit's Antique Armour Boutique.
 52328 | Snake:4  | Noticed Bai Suzhen
 52351 | Snake:4  | Killed Bai Suzhen
 53701 | Snake:4  | Noticed Vashnia
 54412 | Snake:4  | Offered knowledge of Starburst by Vehumet.
 54446 | Snake:4  | Reached skill level 5 in Armour
 55246 | Snake:4  | Reached XP level 18. HP: 77/110 MP: 25/40
 56076 | Snake:4  | Found a blossoming altar of Fedhas.
 56205 | Snake:4  | Got a serpentine rune of Zot
 56272 | Snake:4  | Killed Vashnia
 56812 | Elf:1    | Entered Level 1 of the Elven Halls
 56812 | Elf:1    | Found a runed translucent gate.
 56812 | Elf:1    | Found a runed translucent gate.
 56812 | Elf:1    | Found a runed translucent gate.
 56812 | Elf:1    | Found a runed translucent gate.
 56812 | Elf:1    | Found a runed translucent gate.
 56812 | Elf:1    | Found a runed translucent gate.
 56813 | Elf:1    | Found a runed translucent door.
 56819 | Elf:1    | Reached skill level 5 in Staves
 56888 | Elf:1    | Found Ygux's Book Shoppe.
 56892 | Elf:1    | Found Bulereorgh's Antique Armour Shoppe.
 57161 | Elf:1    | Found a runed translucent door.
 57844 | Elf:1    | Reached skill level 5 in Shields
 59207 | Elf:2    | Found a runed translucent door.
 59209 | Elf:2    | Noticed suzumiya's ghost (adept MiFi)
 60081 | Elf:2    | Found a runed translucent gate.
 60081 | Elf:2    | Found a runed translucent gate.
 60083 | Elf:2    | Found a runed translucent gate.
 61348 | Elf:3    | Entered Level 3 of the Elven Halls
 61431 | Elf:3    | Offered knowledge of Maxwell's Capacitive Coupling by
                  | Vehumet.
 61491 | Elf:3    | Paralysed by an air elemental for 1 turns
 61603 | Elf:3    | Noticed Louise
 61609 | Elf:3    | Killed Louise
 61939 | Elf:3    | Found a runed translucent gate.
 61939 | Elf:3    | Found a runed translucent gate.
 61939 | Elf:3    | Found a runed translucent gate.
 61941 | Elf:3    | Noticed GimliDwarf's ghost (adept GnWn)
 62243 | Elf:3    | Paralysed by an air elemental for 1 turns
 62245 | Elf:3    | Paralysed by an air elemental for 1 turns
 62895 | Elf:3    | Reached XP level 19. HP: 116/116 MP: 37/41
 63205 | Elf:3    | Identified the ring of Unumme {Ice Will+ Int+4}
 63550 | Elf:3    | Identified the ring "Seqaeru" {rCorr Int-3 Dex+4}
 63560 | Elf:3    | Identified the +9 flail "Wovac" {venom, rN+}
 63828 | Elf:3    | Got the Anthology of the Befouled Sun
 63830 | Elf:3    | Got the Codex of Graupel
 64067 | Elf:3    | Identified the staff of earth "Fajen" {+Blink rElec rPois
                  | rN+}
 64078 | Elf:3    | Identified the staff of conjuration "Rupopn" {rPois rN+
                  | Int+2 Dex-3}
 64084 | Elf:3    | Got the Volume of Darkness and the Swarm
 64089 | Elf:3    | Identified the +3 scale mail of the Filigreed God {Dex+2}
 64334 | Elf:3    | Found an iron altar of Okawaru.
 64347 | Elf:3    | Learned a level 8 spell: Maxwell's Capacitive Coupling
 64521 | Vaults:1 | Entered Level 1 of the Vaults
 65386 | Vaults:1 | Found Emylio's Weapon Shop.
 66129 | Vaults:1 | Noticed Saint Roka
 66671 | Vaults:1 | Reached ****** piety under Vehumet
 66675 | Vaults:1 | Identified the amulet of Azaxyum {rElec Regen+ Str+3}
 67712 | Vaults:1 | Offered knowledge of Shatter by Vehumet.
 67712 | Vaults:1 | Offered knowledge of Chain Lightning by Vehumet.
 67715 | Vaults:1 | Killed Saint Roka
 68454 | Vaults:2 | Found Nosypot's Armour Shop.
 69546 | Vaults:2 | Reached skill level 15 in Conjurations
 69566 | Vaults:2 | Reached XP level 20. HP: 84/122 MP: 3/42
 69899 | Vaults:2 | Learned a level 9 spell: Chain Lightning
 71476 | Vaults:2 | Reached skill level 18 in Air Magic
 71841 | Vaults:2 | Acquired 919 gold pieces
 73364 | Vaults:3 | Found a staircase to the Crypt.
 74082 | Vaults:3 | Reached skill level 10 in Armour
 75754 | Vaults:4 | Identified the +5 leather armour "Aghokig" {rElec}
 76296 | D:14     | Killed Gepsov's ghost
 76534 | Depths:1 | Entered Level 1 of the Depths
 76538 | Depths:1 | Found the +18 shield of the Gong {Loud rN+ Will+ rCorr
                  | EV-5}
 76541 | Depths:1 | Found the +10 morningstar "Eos" {elec, Halo rElec}
 76549 | Depths:1 | Found Suipsugof's Antique Weapon Emporium.
 76736 | Depths:1 | Reached XP level 21. HP: 110/128 MP: 24/43
 77056 | Depths:1 | Noticed Mara
 77312 | Depths:1 | Reached skill level 19 in Air Magic
 77497 | Depths:1 | Found Kuoh's Antique Weapon Shop.
 78730 | Depths:1 | Found Udu Upo's Antique Armour Shop.
 78747 | Depths:1 | Found a gateway to Hell.
 78967 | Depths:1 | Noticed LustLizard's illusion
 78977 | Depths:1 | Killed Mara
 78978 | Depths:1 | Reached skill level 10 in Shields
 79304 | Depths:1 | Found an ornate altar of the Wu Jian Council.
 79507 | Depths:2 | Found a sacrificial altar of Ru.
 80012 | Depths:2 | Found a one-way gate to the infinite horrors of the Abyss.
 80188 | Depths:2 | Found Teafouco's Antique Armour Shop.
 81297 | Depths:2 | Found a one-way gate leading to the halls of Pandemonium.
 82831 | Depths:3 | Noticed a juggernaut
 82843 | Depths:3 | Killed a juggernaut
 83058 | Depths:3 | Identified the +4 short sword "Myatix" {protect, +Blink
                  | rElec rC+ Int-3}
 83062 | Depths:3 | Learned a level 2 spell: Blink
 83077 | Depths:3 | Noticed a juggernaut
 83725 | Depths:3 | Killed a juggernaut
 83870 | Depths:3 | Reached skill level 1 in Translocations
 84046 | Depths:3 | Identified the staff of cold "Oxipoogi" {*Corrode rC+
                  | Will++ Dex-2 SInv}
 84050 | Depths:3 | Identified the +10 rapier "Idubudun" {holy, Int-5 Dex+4
                  | SInv}
 84139 | Depths:3 | Found a basalt altar of Yredelemnul.
 84257 | Depths:4 | Entered Level 4 of the Depths
 84511 | Depths:4 | Found Gadghaq's CLEARANCE SALE!.
 84707 | Depths:4 | Bought a scroll of acquirement for 208 gold pieces
 84709 | Depths:4 | Acquired 836 gold pieces
 84823 | Depths:4 | Reached XP level 22. HP: 124/135 MP: 25/45
 84823 | Depths:4 | Noticed a golden dragon
 84863 | Depths:4 | Killed a golden dragon
 85592 | Depths:4 | Found a one-way gateway to a ziggurat.
 85606 | Depths:4 | Reached skill level 20 in Air Magic
 85898 | Depths:4 | Found a gate to the Realm of Zot.
 86901 | Slime:1  | Entered Level 1 of the Pits of Slime
 87698 | Slime:5  | Entered Level 5 of the Pits of Slime
 88342 | Slime:5  | Gained mutation: Your spells are a little easier to cast,
                  | but a little less powerful. [a shining eye]
 88602 | Slime:5  | Noticed the Royal Jelly
 88609 | Slime:5  | Killed the Royal Jelly
 88969 | Slime:5  | Gained mutation: You are vulnerable to cold. (rC-) [a
                  | shining eye]
 89933 | Slime:5  | Found the +8 Vampire's Tooth {megavamp}
 89942 | Slime:5  | Identified the amulet "Igocado" {RegenMP *Corrode Fly Dex+3
                  | SInv}
 89946 | Slime:5  | Identified the +8 dire flail of Jaeg {speed, rN+}
 89952 | Slime:5  | Identified the +0 robe of Kuchig {rN++ Str-5 Dex+3 Stlth-}
 89976 | Slime:5  | Identified the staff of earth "Wamed" {SInv}
 90001 | Slime:5  | Got a slimy rune of Zot
 90002 | Slime:5  | Identified the +4 pair of gloves "Wipeesab" {Harm rPois
                  | rN+++ Str-2}
 90018 | Slime:5  | Identified the +0 plate armour of Lucidity {rN+ Int+2 SInv}
 90035 | Slime:5  | Identified the +1 pair of boots of Calculation {Int+2}
 90040 | Slime:5  | Identified the +10 short sword of Aggest {heavy, rF+ Will-
                  | Int+4 Dex+5}
 90043 | Slime:5  | Identified the +5 robe of the Sacrificial Victim {rC+
                  | Archmagi}
 90541 | Vaults:5 | Entered Level 5 of the Vaults
 90599 | Vaults:5 | Noticed an ancient lich
 90685 | Vaults:5 | Noticed a dread lich
 90965 | Vaults:5 | Killed a dread lich
 90965 | Vaults:5 | Gained mutation: You sometimes lose your temper in combat.
                  | [mutagenic glow]
 90966 | Vaults:5 | Reached skill level 5 in Translocations
 91006 | Vaults:5 | HP: 2/136 [titan/bolt of lightning (17)]
 91012 | Vaults:5 | Demolished by a titan

Illustrated notes

Levels and vault maps discovered:
D:1:      dpeg_arrival_three_smaller_balls, layout_basic
D:2:      layout_basic, glass_columns_c, uniq_terence
D:3:      layout_basic, serial_shops, nicolae_shop_overgrown_old_shop,
          palyth_stone_intersect, kennysheep_generic_room_11
D:4:      layout_gridville, kiku_gazebo_garden_becter, gup_sewer_entry_bubbles,
          glass_columns_a
D:5:      layout_cave_pools, minmay_temple_entry_junction, serial_rivers,
          chequers_serial_rivers_micro_a, chequers_serial_rivers_micro_c,
          chequers_serial_rivers_micro_e, chequers_serial_rivers_room_b,
          serial_bayou_lagoon_a, chequers_serial_rivers_micro_d, uniq_edmund,
          uniq_sigmund, uniq_ijyb
D:6:      minmay_clustersquares, layout_basic
D:7:      layout_loops_ring, enter_bailey_2, grunt_decor_cap, uniq_pikel,
          uniq_duvessa
D:8:      layout_rooms, nicolae_shop_fire_sale [nicolae_sub_dead_trees],
          chequers_serial_rivers_room_a, minmay_shop_damaged,
          kennysheep_generic_room_14
D:9:      layout_stronghold
D:10:     layout_basic, small_statue_intersection, minmay_fractal_squares_5
D:11:     kennysheep_blocky_hall, layout_basic, lair_entry_dummy, uniq_urug
D:12:     layout_roguey, zombieorc2_lemuel, nicolae_take_the_stairs,
          nzn_hepliaklqana_mist_gate, uniq_lodul
D:13:     layout_basic, nrook_guardian_serpent_ordinary, uniq_kirke
D:14:     layout_irregular_city, ximxim_vaults_locker_room, vehumet_crystals,
          ebering_ghost_rock_garden
D:15:     gammafunk_depths_entry_grave, layout_basic, nemelex_altar_shiori,
          nicolae_uskayaw_dance_hall
Temple:   mainiacjoe_temple_hex_bubbles
Lair:1:   layout_big_grid, minivault_26, st_stairs_7,
          nicolae_quartered_pool_medium, infiniplex_staircase_pool
Lair:2:   layout_cave_shapes, minmay_shoals_entry_beasts, beast_lair_carwin_8,
          grunt_megastairs_4
Lair:3:   layout_regular_city, minmay_snake_entry_spellcaster
Lair:4:   layout_misc_corridors, slime_entry_1, lemuel_fruit_fields,
          serial_bayou_shore_a
Lair:5:   hangedman_lair_in_review, layout_gridlike, uniq_rupert
Shoals:1: layout_shoals, uniq_jorgrun
Shoals:2: layout_shoals
Shoals:3: layout_shoals, nicolae_shoals_kraken_intersection
Shoals:4: shoals_end_hellmonk_lost_city
Snake:1:  layout_rooms, grunt_megastairs_3, uniq_aizul, uniq_roxanne
Snake:2:  layout_layer_cave
Snake:3:  layout_misc_corridors, portal_ice_cave_entry_pillars_2
Snake:4:  snake_pit, layout_cave_town, basic_altar, serial_shops,
          nicolae_shop_rolling_square, uniq_vashnia, uniq_bai_suzhen
Slime:1:  layout_caves
Slime:2:  layout_caves
Slime:3:  layout_caves
Slime:4:  layout_caves, nicolae_slime_phagocytosis
Slime:5
Orc:1:    layout_caves, nicolae_shop_overcharged_wands
Orc:2:    st_orc_rangers, layout_diamond_mine, dreamdust_deal_with_the_devil
Elf:1:    nicolae_elf_arrival_dilemma, layout_geoelf_grid,
          hangedman_elf_disciples, grunt_megastairs_5, minmay_shop_star,
          lemuel_upstairs_altar
Elf:2:    elven_hall_of_blades_hangedman_original [grunt_blade_entry_basic],
          layout_loops_corners, ebering_ghost_inner_flame
Elf:3:    elf_hall_gauntlet_wide, layout_geoelf_castle,
          gammafunk_ghost_fury_of_okawaru, uniq_louise
Vaults:1: nicolae_vaults_cornered_office,
          nicolae_vaults_taking_the_gang_shopping,
          nicolae_vaults_security_offices_2, nicolae_vaults_closet_pinwheel_2,
          nicolae_vaults_little_squares_6, hangedman_vaults_cutoff,
          nicolae_vaults_double_plus_1, v_misc_19,
          nicolae_vaults_diagonal_hallway_8, layout_vaults_omnigrid,
          uniq_saint_roka
Vaults:2: v_misc_5, nicolae_vaults_ninety_degrees, nicolae_vaults_stepped_doors,
          vaults_dpeg_diagonal, nicolae_vaults_tangram_2,
          nicolae_vaults_wine_cellar, nicolae_vaults_bisected_exclaves,
          nicolae_vaults_double_plus_3, vaults_room_grunt_arrival_checkpoint,
          layout_vaults_omnibox, serial_shops, shop
Vaults:3: vaults_dpeg_cross, minmay_crypt_entry_simple_statues,
          nicolae_vaults_storage_room_water, nicolae_vaults_network_periphery,
          nicolae_vaults_closet_pinwheel_2, v_pattern_3,
          nicolae_vaults_sightless_eye, hangedman_vaults_locks,
          vaults_room_door_ring, vaults_room_pools, nicolae_vaults_heist,
          v_misc_17, ontoclasm_vaults_hangar, nicolae_vaults_storage_room_doors,
          nicolae_vaults_diamond_1, layout_vaults_ring
Vaults:4: nicolae_vaults_off_center_swirl, vaults_room_fancy_cross,
          vaults_mumra_minichess_inversion,
          nicolae_vaults_offset_grid_hallway_4, v_misc_15,
          vaults_room_stairs_pillars, vaults_room_semicircle,
          nicolae_vaults_house_1, layout_vaults_chaotic_city
Vaults:5: serial_shops
Depths:1: layout_big_octagon, nicolae_cairo_tiling_large, serial_shops,
          shop_fountains, nicolae_shop_overgrown_old_shop,
          nicolae_shop_competitors_out_of_business, grunt_mini_vestibule,
          serial_sigils_hangedman_quiver, nicolae_wu_jian_immortal_techniques,
          serial_bayou_shore_b, uniq_mara
Depths:2: evilmike_halls_of_destruction, layout_twisted_cross,
          rand_demon_pan_entry_9, serial_shops, kennysheep_mini_moat,
          abyss_entry_crystal, hell_entry, nicolae_ru_the_path_less_chosen,
          minmay_staircase_windowed_large
Depths:3: minmay_the_grid_octo_triangle [minmay_the_grid_octo_teeth,
          minmay_the_grid_octo_prize_square_snowflake,
          minmay_the_grid_octo_concentric], layout_gridlike,
          hangedman_abyss_entry_splay, rand_demon_pan_entry_4,
          minmay_misc_feat_nine_boxes, grunt_hell_entry_dis_grunt,
          minmay_gold_behind_fungi, yredelemnul_forgotten_temple_becter
Depths:4: evilmike_zot_entry_diamond, layout_small_grid, enter_ziggurat_b,
          hellmouth_1, chequers_serial_rivers_room_b, abyss_entry,
          rand_demon_pan_entry_8, nicolae_shop_clearance

Skill      XL: |  1  2  3  4  5  6  7  8  9 10 11 12 13 14 15 16 17 18 19 20 21 22 |
---------------+-------------------------------------------------------------------+-----
Stealth        | 3 4 |  4.4
Fighting       | 1 2 3 4 5 6 7 8 9 10 11 12 13 | 13.8
Short Blades   | 1 2 3 4 5 |  5.9
Conjurations   | 2 3 5 6 7 8 9 10 11 12 13 14 15 16 17 18 | 18.9
Air Magic      | 4 5 7 8 9 11 12 13 15 16 17 18 19 20 | 20.6
Spellcasting   | 4 5 6 7 9 10 11 12 14 15 16 17 18 | 18.1
Poison Magic   | 1 2 3 5 7 |  7.4
Dodging        | 4 5 7 9 10 11 12 13 | 13.6
Hexes          | 3 5 |  5.0
Fire Magic     | 6 7 |  7.0
Transmutations | 3 5 |  5.0
Staves         | 1 4 6 7 |  7.9
Evocations     | 1 4 |  4.6
Armour         | 5 7 9 10 11 | 11.5
Shields        | 3 6 8 9 10 11 | 11.0
Translocations | 1 5 |  5.0

Action                     |  1- 3 |  4- 6 |  7- 9 | 10-12 | 13-15 | 16-18 | 19-21 | 22-24 || total
---------------------------+-------+-------+-------+-------+-------+-------+-------+-------++-------
  Melee: Short sword       |    10 |    10 |    56 |   138 |   280 |   112 |   347 |   205 ||  1158
         Punch             |       |       |     1 |     3 |     8 |     5 |       |       ||    17
         Quarterstaff      |       |       |       |       |       |    10 |       |       ||    10
   Cast: Shock             |    84 |   154 |   187 |   208 |   117 |    11 |     3 |       ||   764
         Static Discharge  |     3 |    12 |    22 |     7 |    25 |     1 |       |       ||    70
         Poisonous Vapours |       |     5 |    11 |     4 |     6 |     5 |       |       ||    31
         Airstrike         |       |       |    24 |   320 |   789 |  1102 |   682 |   253 ||  3170
         Mephitic Cloud    |       |       |       |     1 |     4 |     5 |     3 |       ||    13
         Swiftness         |       |       |       |       |     5 |     2 |     5 |     2 ||    14
         Tukima's Dance    |       |       |       |       |     5 |       |     2 |       ||     7
         Ignite Poison     |       |       |       |       |     3 |     3 |     1 |       ||     7
         Arcjolt           |       |       |       |       |     2 |    53 |   458 |   117 ||   630
         Inner Flame       |       |       |       |       |     1 |     1 |       |       ||     2
         Irradiate         |       |       |       |       |       |       |     6 |     4 ||    10
         Maxwell's Capacit |       |       |       |       |       |       |    11 |     7 ||    18
  Evoke: Wand              |       |       |       |       |     6 |    12 |     2 |    12 ||    32
    Use: Scroll            |     1 |     1 |     2 |    12 |    17 |     8 |     9 |    10 ||    60
         Potion            |       |       |     1 |     1 |    10 |     8 |       |    21 ||    41
   Stab: Confused          |       |       |       |     1 |       |       |       |       ||     1
         Sleeping          |       |       |       |       |       |       |     9 |       ||     9
 Armour: Robe              |     1 |     7 |    14 |    66 |   105 |       |       |       ||   193
         Shadow dragon sca |       |       |       |       |   134 |   426 |   668 |   383 ||  1611
  Dodge: Dodged            |    10 |    21 |    61 |   185 |   444 |   231 |   344 |   187 ||  1483
  Block: Buckler           |       |       |       |       |       |     4 |   334 |   151 ||   489
